[Event "Snabbschacks-SM 2025"]
[Site "Norrköping, Sweden"]
[Date "2025.09.27"]
[Round "2.6"]
[White "Lilliehook, Victor"]
[Black "Lindh, Fredrik"]
[Result "0-1"]
[TimeControl "25 min + 10 sec/move"]
[BlackTitle "FM"]
[WhiteElo "2136"]
[BlackElo "2249"]

1. e4 c5 2. Nf3 e6 3. d3 Nc6 4. g3 d5 5. Nbd2 Nf6 6. Bg2 dxe4 7. dxe4 e5 8. c3 Be7 9. h3 O-O 10.
O-O h6 11. Qe2 Be6 12. Rd1 Qc7 13. Nf1 Rfd8 14. Rxd8+ Rxd8 15. Nh4 Qd7 16. Kh2 Ne8 17. Qh5 Nf6 18. Qf3 Nh7 19. Nf5 Bf8 20.
h4 Qd3 21. g4 Qxf3 22. Bxf3 Na5 23.
N1e3 g6 24. Ng3 Be7 25. h5 Bg5 26. Nd5 Bxc1 27. Rxc1 Ng5 28. Be2 Kg7 29. Ne3 Rd2 30. b4 cxb4 31. cxb4 Nc6 32. a3 Nd4 33. Re1 Ngf3+ 0-1

[Event "Snabbschacks-SM 2025"]
[Site "Norrköping, Sweden"]
[Date "2025.09.27"]
[Round "4.2"]
[White "Olsson, Linus"]
[Black "Religa, Marek"]
[Result "1/2-1/2"]
[TimeControl "25 min + 10 sec/move"]
[WhiteTitle "FM"]
[WhiteElo "2166"]
[BlackElo "2207"]

1. d4 Nf6 2. c4 g6 3. Nc3 Bg7 4. e4 d6 5. Nf3 O-O 6.
Be2 e5 7. O-O exd4 8. Nxd4 Re8 9.
f3 c6 10. Kh1 d5 11. exd5 cxd5 12. c5 Bf8 13. Nb3 h6 14. Bf4 a6 15. Qd2 Kh7 16. Rfd1 Be6 17. Rac1 Nbd7 18. Bf1 Rc8 19.
Na4 Nh5 20. Be3 Bg7 21. Bd4 Bf8 22. Na5 Rc7 23. b4 Be7 24. Be3 Bg5 25. Bxg5 hxg5 26. Nc3 Ne5 27. Qd4 f6 28. Rd2 Rd7 29.
Rcd1 Nf4 30. Ne2 Nxe2 31. Bxe2 Kg7 32. Bf1 Qc7 33. Rc1 Rh8 34. Qg1 g4 35. f4 g3 36. h3 Ng4 37. Qd4 Nf2+ 38.
Rxf2 gxf2 39. Qxf2 d4 40. Rd1 d3 41. a3 Rhd8 42. Rd2 Rd4 43. g3 Qd7 44. Kh2 Rh8 45. h4 g5 46. fxg5 fxg5 47.
Qe3 gxh4 48. Qg5+ Kf8 49. Qf6+ Kg8 50. Qg6+ Kf8 51. Qf6+ Kg8 52. Qg6+ 1/2-1/2

[Event "Snabbschacks-SM 2025"]
[Site "Norrköping, Sweden"]
[Date "2025.09.27"]
[Round "5.8"]
[White "Dingertz, Filip"]
[Black "Wernberg, Hugo"]
[Result "0-1"]
[TimeControl "25 min + 10 sec/move"]
[BlackTitle "FM"]
[WhiteElo "2049"]
[BlackElo "2285"]

1. Nf3 d5 2. e3 c5 3. b3 f6 4. Bb5+ Bd7 5. Bxd7+ Qxd7 6.
d4 cxd4 7. exd4 Nc6 8. O-O e6 9. c4 Bd6 10. Nc3 Nge7 11. Re1 Kf7 12. Be3 Rac8 13. Qd2 Rhd8 14. c5 Bc7 15. Bf4 a6 16.
a3 Ng6 17. Bxc7 Rxc7 18. b4 e5 19. dxe5 Ncxe5 20. Nd4 Qg4 21. h3 Qf4 22. Rad1 Qxd2 23. Rxd2 Nc4 24. Rdd1 Re7 25. Nf5 Rxe1+ 26. Rxe1 Nge5 27. Rd1 g6 28. Nd6+ Nxd6 29. Rxd5 Ke6 30.
Rxd6+ Rxd6 31. cxd6 Nc4 32. a4 Nxd6 33. Kf1 Ke5 34. Ke2 Kd4 35. Kd2 Kc4 36. b5 axb5 37. axb5 b6 38. h4 f5 39. f3 Kc5 40. g4 Nxb5 41.
Ne2 Nd4 42. Ng1 b5 43. h5 b4 44. hxg6 hxg6 45. gxf5 gxf5 46. f4 Kc4 47. Nh3 Kb3 48. Nf2 Ka2 49. Nd3 b3 50. Nc1+ Ka3 51. Nxb3 Kxb3 52. Kd3 Ne6 0-1

[ePGN "0.1;DGT LiveChess/2.2.7"]

[Event "Snabbschacks-SM 2025"]
[Site "Norrköping, Sweden"]
[Date "2025.09.27"]
[Round "1.1"]
[White "Ravik, Andreas"]
[Black "Smith, Axel"]
[Result "0-1"]
[TimeControl "25 min + 10 sec/move"]
[BlackTitle "GM"]
[WhiteElo "1992"]
[BlackElo "2431"]

1. d4 Nf6 2. Nf3 c5 3. d5 b5 4. b3 e6 5. c4 exd5 6. cxd5 Bb7 7. e3 Nxd5 8. Bb2 Na6 9. Nbd2 Nac7 10.
Be2 Nf6 11. O-O Be7 12. a4 a6 13. Qc2 O-O 14. Ng5 h6 15. Ngf3 Nfd5 16. Rfd1 d6 17. Ne4 Qc8 18. Ng3 Nb4 19.
Qf5 Qe6 20. Bc3 Nbd5 21. Bb2 g6 22. Qc2 Bf6 23. Bxf6 Nxf6 24. b4 c4 25. Nd4 Qe5 26. Bf3 Bxf3 27. gxf3 Nfd5 28. Nc6 Qe8 29.
Nd4 Nxb4 30. Qb1 Nbd5 31. axb5 Nc3 32. Qb4 Nxd1 33. Rxd1 Nxb5 34. Qxc4 Nxd4 35. Rxd4 Qb5 36. Qc7 d5 37.
Rg4 Rac8 38. Qe7 Rc4 39. f4 Qc5 40. Qf6 Qc6 41. Qb2 Kh7 42. Qa3 Rg8 43. h3 h5 44. Rg5 f6 45. Nxh5 gxh5 46.
Qe7+ Kh8 0-1

[Event "Snabbschacks-SM 2025"]
[Site "Norrköping, Sweden"]
[Date "2025.09.27"]
[Round "2.7"]
[White "Bohman Karlholm, Adrian"]
[Black "Eriksson, Kristian"]
[Result "1/2-1/2"]
[TimeControl "25 min + 10 sec/move"]
[WhiteElo "2102"]
[BlackElo "2033"]

1. d4 Nf6 2. c4 e6 3. Nc3 Bb4 4. g3 O-O 5. Bg2 Bxc3+ 6. bxc3 d6 7. Nf3 Nc6 8. O-O e5 9. Bg5 h6 10.
dxe5 hxg5 11. exf6 Qxf6 12. Nd4 Bd7 13. Rb1 Rab8 14. Nxc6 Bxc6 15. Bxc6 bxc6 16. Qd4 c5 17. Qd3 Rb6 18.
Rb5 Rfb8 19. Rfb1 a6 20. Rxb6 Rxb6 21. Rxb6 cxb6 22. Kg2 1/2-1/2

[Event "Snabbschacks-SM 2025"]
[Site "Norrköping, Sweden"]
[Date "2025.09.27"]
[Round "4.3"]
[White "Smith, Axel"]
[Black "Fors, Klas"]
[Result "1/2-1/2"]
[TimeControl "25 min + 10 sec/move"]
[WhiteTitle "GM"]
[WhiteElo "2431"]
[BlackElo "2063"]

1. c4 c5 2. Nf3 Nc6 3. d4 cxd4 4. Nxd4 Nf6 5. Nc3 g6 6.
e4 d6 7.
Be2 Bg7 8. Be3 O-O 9. O-O Nxd4 10. Bxd4 a6 11. Qc2 Be6 12. Rfd1 Qc7 13. b3 Nd7 14. Bxg7 Kxg7 15. Rac1 Rac8 16.
h3 Nf6 17. Qd2 Qa5 18. Qd4 Qc5 19. f3 Qxd4+ 20. Rxd4 g5 21. Rdd1 h5 22. Bd3 Kh6 23. Kf2 h4 24. Re1 Nh5 25. e5 Rcd8 26. exd6 Rxd6 27. Be4 b6 28.
Red1 Rfd8 29. Rxd6 Rxd6 30. Rd1 Rxd1 31. Nxd1 Nf4 32. Nc3 Bc8 33. b4 Be6 34. c5 bxc5 35. bxc5 f5 36. Bc2 Bd7 37. c6 Bxc6 38. Bxf5 Kg7 39. Be4 Bd7 40. Ne2 Nxe2 41. Kxe2 Kf6 42. Ke3 Ke5 43.
Bd3 a5 1/2-1/2

[Event "Snabbschacks-SM 2025"]
[Site "Norrköping, Sweden"]
[Date "2025.09.27"]
[Round "5.9"]
[White "Rogoz, Vladyslav"]
[Black "Wickstrom, Carina"]
[Result "1-0"]
[TimeControl "25 min + 10 sec/move"]
[WhiteElo "2108"]
[BlackElo "1921"]

1. d4 d5 2. c4 c6 3. Nf3 Nf6 4. Nc3 dxc4 5. g3 b5 6. Bg2 Bb7 7. Ne5 Nd5 8.
O-O e6 9. a4 Qc8 10. e4 Nxc3 11. bxc3 Nd7 12. f4 Be7 13. f5 exf5 14. exf5 O-O 15. Qf3 Bf6 16. axb5 Bxe5 17. bxc6 Bxc6 18.
Qxc6 Bc7 19. Ba3 Re8 20. Qxa8 Qxa8 21. Bxa8 Rxa8 22. Rfe1 Nf6 23. Bc5 a5 24. Ra4 Nd5 25. Rxc4 h5 26.
Kf2 h4 27. Ba3 Bb6 28. Rc6 Rb8 29. Kf3 Ba7 30. Re5 Nf6 31. Rxa5 Rb7 32. g4 Kh7 33. g5 Ne8 34. g6+ fxg6 35.
fxg6+ Kh6 36. Bc1# 1-0

[Event "Snabbschacks-SM 2025"]
[Site "Norrköping, Sweden"]
[Date "2025.09.27"]
[Round "1.2"]
[White "Carlsson, Ludvig"]
[Black "Wickstrom, Carina"]
[Result "1-0"]
[TimeControl "25 min + 10 sec/move"]
[WhiteTitle "IM"]
[WhiteElo "2389"]
[BlackElo "1921"]

1. Nf3 d5 2. d4 Nf6 3. c4 c6 4. Nc3 dxc4 5. a4 Bf5 6. Ne5 Nbd7 7. Nxc4 Nb6 8. Ne5 a5 9. e3 e6 10.
g4 Bg6 11. h4 Nfd5 12. h5 Nxc3 13. bxc3 Be4 14. f3 f6 15. fxe4 fxe5 16. Qb3 Bd6 17. Rb1 Bc7 18. Qxe6+ Qe7 19.
Qxe7+ Kxe7 20. Ba3+ Kd7 21. g5 Bd8 22. Bh3+ Kc7 23. O-O Ra7 24. Bc5 Ra6 25. Rf7+ Kb8 26. Bf1 Ka7 27. Rxg7 Re8 28. Bd3 Ka8 29.
Bxa6 1-0

[Event "Snabbschacks-SM 2025"]
[Site "Norrköping, Sweden"]
[Date "2025.09.27"]
[Round "2.8"]
[White "Dovrinder, Bengt"]
[Black "Muntean, Victor"]
[Result "0-1"]
[TimeControl "25 min + 10 sec/move"]
[WhiteElo "1988"]
[BlackElo "2151"]

1. e4 e5 2. f4 c6 3. Nf3 d5 4.
d4 exd4 5. exd5 Qxd5 6. Qxd4 Qxd4 7. Nxd4 Bc5 8. Nb3 Bb6 9. Nc3 Bf5 10. Bd3 Bxd3 11. cxd3 Na6 12. a3 O-O-O 13. d4 Ne7 14.
Ne2 Nf5 15. g4 Nxd4 16. Nbxd4 Bxd4 17. Nxd4 Rxd4 18. Be3 Re4 19. Kf2 b6 20. Kf3 Rhe8 21. Rhe1 Nc7 22. Bf2 Rxe1 23. Rxe1 Rxe1 24.
Bxe1 Nd5 25. f5 Kd7 26. Ke4 Nf6+ 27. Kf3 Kd6 28. Bc3 Kd5 29. g5 Ne8 30. h4 g6 31. Kf4 Nd6 32. fxg6 fxg6 33.
Bf6 b5 34. Kg4 a5 35. Bc3 Nc4 36. Kf4 c5 37. b3 Nxa3 38. Bxa5 Nc2 39. Bc3 Nd4 40. Bb2 Nxb3 0-1

[Event "Snabbschacks-SM 2025"]
[Site "Norrköping, Sweden"]
[Date "2025.09.27"]
[Round "4.4"]
[White "Sandhu, Ludwig"]
[Black "Lindh, Fredrik"]
[Result "0-1"]
[TimeControl "25 min + 10 sec/move"]
[BlackTitle "FM"]
[WhiteElo "1806"]
[BlackElo "2249"]

1. d4 d5 2. c4 c6 3. Nc3 Nf6 4. Nf3 dxc4 5. a4 Bf5 6. e3 e6 7. Bxc4 Bb4 8. O-O O-O 9. Qb3 Qe7 10.
Re1 c5 11. Bd2 Nc6 12. dxc5 Bxc5 13. Be2 Rfd8 14. Red1 Na5 15. Qa2 Bc2 16. Rdc1 Bb3 17. Qb1 e5 18. Ne4 Bb6 19. Bc3 Nxe4 20. Qxe4 Bd5 21. Qg4 Nb3 22. Nxe5 f6 23.
Bc4 Nxc1 24. Bxd5+ Rxd5 25. Qc4 Qe6 26. Rxc1 fxe5 27. Be1 Rd6 0-1

[Event "Snabbschacks-SM 2025"]
[Site "Norrköping, Sweden"]
[Date "2025.09.27"]
[Round "5.10"]
[White "Lind, Jan-Olov"]
[Black "Olsson, Simon"]
[Result "1/2-1/2"]
[TimeControl "25 min + 10 sec/move"]
[WhiteElo "2057"]
[BlackElo "2068"]

1. e4 c6 2. d4 d5 3. exd5 cxd5 4. c4 Nf6 5. Nc3 Nc6 6. Nf3 Bg4 7. cxd5 Nxd5 8. Bb5 Qa5 9. O-O Nxc3 10. Bxc6+ bxc6 11. bxc3 e6 12. Qd3 Bf5 13. Qe3 Bd6 14.
Nd2 O-O 15. Nc4 Qd5 16. Nxd6 Qxd6 17. a4 Qd5 18. Ba3 Rfb8 19. Bc5 Rb3 20. Rfc1 Qe4 21. Qxe4 Bxe4 22. a5 a6 23. Bb6 Re8 24.
f3 1/2-1/2

[Event "Snabbschacks-SM 2025"]
[Site "Norrköping, Sweden"]
[Date "2025.09.27"]
[Round "1.3"]
[White "Odell Johansson, Leo"]
[Black "Livner, Anders"]
[Result "1-0"]
[TimeControl "25 min + 10 sec/move"]
[BlackTitle "FM"]
[WhiteElo "2025"]
[BlackElo "2292"]

1. c4 e6 2. e4 d5 3. cxd5 exd5 4. exd5 Nf6 5.
Bb5+ Bd7 6. Bc4 Bd6 7. Qe2+ Be7 8. Nf3 O-O 9. O-O Bd6 10. d4 Bg4 11. h3 Re8 12. Qd3 Bh5 13. Bg5 Nbd7 14.
Nc3 h6 15. Bh4 a6 16. a4 g5 17. Bg3 Bg6 18. Qd1 Nb6 19. Bd3 Bh5 20. Bxd6 Qxd6 21. Bf5 Nbxd5 22. g4 Bg6 23. Bxg6 fxg6 24.
Ne5 Kg7 25. Qb3 Rab8 26. Rae1 Re7 27. Nxd5 Nxd5 28. Re4 c6 29. Nc4 Qc7 30. Rfe1 Rxe4 31. Rxe4 Rf8 32. Ne5 Rd8 33. Nd3 b6 34. Ne5 Nf6 35. Re3 Rxd4 36.
Qc2 Kg8 37. Qxg6+ Qg7 38. Qxg7+ Kxg7 39. Nxc6 Rxa4 40. Re7+ Kf8 41.
Re6 Rf4 42. Ne5 Kg7 43. Rxb6 a5 44. Rb7+ Kg8 45. Nc6 Kf8 46. Nxa5 Ne4 47. Rb5 Nxf2 48. Kg2 Nd3 49. b3 Ne1+ 50. Kg1 Nf3+ 51. Kh1 Nd4 52. Rb8+ Kf7 53. b4 Ke6 54. b5 Kd5 55. b6 Rf2 56. Rd8+ Ke4 57. Rxd4+ Kxd4 58. b7 1-0

[Event "Snabbschacks-SM 2025"]
[Site "Norrköping, Sweden"]
[Date "2025.09.27"]
[Round "4.5"]
[White "Stenman, Christoffer"]
[Black "Muntean, Victor"]
[Result "0-1"]
[TimeControl "25 min + 10 sec/move"]
[WhiteElo "2004"]
[BlackElo "2151"]

1. e4 e5 2. Nf3 Nc6 3. Bc4 Nf6 4. d3 h6 5. O-O d6 6. c3 g5 7. b4 Bg7 8. Qb3 O-O 9. Re1 Qe7 10.
a4 Nh5 11. Na3 Kh8 12. Nc2 f5 13. exf5 Bxf5 14. Ne3 Nf4 15. Nxf5 Rxf5 16. Bxf4 Rxf4 17. Re4 Rxe4 18. dxe4 Qf6 19.
Ra2 Ne7 20. Qd1 Rf8 21. Ne1 Qg6 22. Qe2 Rf4 23. Bd3 g4 24. Nc2 h5 25. Ne3 Qg5 26. Ra1 Rf8 27. c4 Ng6 28. g3 Nf4 29.
gxf4 exf4 30. Rc1 fxe3 31. Qxe3 Qxe3 32. fxe3 Bh6 33. Re1 Rf3 34. e5 dxe5 35.
Bg6 Bxe3+ 36. Kg2 h4 37.
Be4 Rf2+ 38. Kh1 Bf4 39. Bxb7 Rxh2+ 40. Kg1 Rb2 41. Bc8 Rxb4 42. Bxg4 Rxc4 43. Bd7 e4 44. Bb5 Rd4 45. Kg2 e3 46. Kf3 Kg7 47. Rh1 Bg5 48.
Rc1 Rf4+ 49. Ke2 Rf2+ 50. Ke1 Bf4 51.
Rc4 Bg3 52. Re4 Rf4+ 0-1

[Event "Snabbschacks-SM 2025"]
[Site "Norrköping, Sweden"]
[Date "2025.09.27"]
[Round "1.4"]
[White "Nygren, Kim"]
[Black "Bergdahl, Daniel"]
[Result "1/2-1/2"]
[TimeControl "25 min + 10 sec/move"]
[WhiteTitle "CM"]
[WhiteElo "2173"]
[BlackElo "1864"]

1. e4 c6 2. d4 d5 3. Nc3 dxe4 4.
Nxe4 Nf6 5. Nxf6+ exf6 6. c3 Bd6 7.
Bd3 O-O 8. Ne2 Re8 9. Qc2 g6 10. h4 f5 11.
Bg5 Be7 12. Qd2 Nd7 13. O-O-O Nf8 14. Bh6 Ne6 15. h5 Bg5 16. Bxg5 Qxg5 17. f4 Qg4 18. g3 Ng7 19. Rdf1 gxh5 20.
Rh4 Qg6 21. Rfh1 Qe6 22. Kb1 Qe3 23. Qc2 Be6 24. g4 fxg4 25. Bxh7+ Kf8 26. Bd3 Bd5 27. Rc1 Qxd3 28. Qxd3 Be4 29.
Kc2 Bxd3+ 30. Kxd3 Nf5 31. Rxh5 Re3+ 32. Kc4 Nd6+ 33. Kb3 Kg7 34. Rg5+ Kf6 35. Ng1 Rg3 36. Re1 Rh8 37. Ne2 Re3 38.
Re5 Re8 39. Rh1 Kg6 40. Rg5+ Kf6 41.
Nc1 Rh3 42. Rg1 Nf5 43. R5xg4 Nxd4+ 44. Ka3 Nc2+ 45. Kb3 Nd4+ 1/2-1/2

[Event "Snabbschacks-SM 2025"]
[Site "Norrköping, Sweden"]
[Date "2025.09.27"]
[Round "2.10"]
[White "Stenman, Christoffer"]
[Black "Ostling, Hakan"]
[Result "1-0"]
[TimeControl "25 min + 10 sec/move"]
[WhiteElo "2004"]
[BlackElo "2117"]

1. e4 g6 2. d4 Bg7 3. Nc3 d6 4. Be3 a6 5. Nf3 Nd7 6. Qd2 b5 7. a3 Bb7 8. h3 e6 9. Bg5 Qb8 10.
Be2 h6 11. Be3 Ngf6 12. e5 dxe5 13. dxe5 Nd5 14. Nxd5 Bxd5 15. Rd1 c5 16. c4 Bc6 17. O-O Qb7 18. cxb5 axb5 19. Rc1 c4 20.
Rfd1 Nxe5 21. Ne1 Qe7 22. a4 Rxa4 23. f4 Nd7 24. b3 c3 25. Rxc3 Ra6 26. Bxb5 Bxc3 27. Qxc3 Bxb5 28. Qxh8+ Nf8 29. Qe5 Qb7 30. Bc5 Ra8 31. Qg7 1-0

[Event "Snabbschacks-SM 2025"]
[Site "Norrköping, Sweden"]
[Date "2025.09.27"]
[Round "4.6"]
[White "Livner, Anders"]
[Black "Jonsson, Krister"]
[Result "1-0"]
[TimeControl "25 min + 10 sec/move"]
[WhiteTitle "FM"]
[WhiteElo "2292"]
[BlackElo "2022"]

1. Nf3 f5 2. g3 Nf6 3. Bg2 g6 4. b4 Bg7 5. Bb2 O-O 6. O-O d6 7. d4 c6 8. c4 Qe8 9. Nbd2 Na6 10.
Qb3 Nc7 11. a4 h6 12. b5 Bd7 13. e3 g5 14. Ne1 Rb8 15. Nd3 Qg6 16. Rae1 Ne4 17. Qc2 Rbc8 18. bxc6 bxc6 19. f3 Nxd2 20. Qxd2 Be6 21. Rc1 Rb8 22. Nb4 Bd7 23. f4 c5 24. Nd3 cxd4 25. Bxd4 Bxd4 26. exd4 Rb3 27. c5 Qf6 28. cxd6 Qxd4+ 29. Qf2 Qxd6 30. Nc5 Be6 31. Nxb3 Bxb3 32. Qxa7 Ne6 33. fxg5 hxg5 34. a5 g4 35. Qe3 Qd4 36. Rfe1 Kf7 37.
a6 Rd8 38. a7 1-0

[Event "Snabbschacks-SM 2025"]
[Site "Norrköping, Sweden"]
[Date "2025.09.27"]
[Round "1.5"]
[White "Nyberg, Peter"]
[Black "Olsson, Linus"]
[Result "0-1"]
[TimeControl "25 min + 10 sec/move"]
[BlackTitle "FM"]
[WhiteElo "1992"]
[BlackElo "2166"]

1. e4 c5 2. c4 Nc6 3. Nc3 g6 4. g3 Bg7 5. Bg2 d6 6. Nge2 Nf6 7. d3 O-O 8. O-O Rb8 9. a4 Ne8 10.
Be3 Nc7 11. d4 cxd4 12. Nxd4 Ne6 13. Nde2 Qa5 14. Rc1 Nc5 15. b3 Bg4 16. f3 Be6 17. Nd5 Bxd5 18. exd5 Ne5 19. Bd4 a6 20.
f4 Ned3 21. Bxg7 Kxg7 22. Rc3 Nb4 23. Qd4+ Kg8 24. f5 Nd7 25. fxg6 hxg6 26. Rf4 Qc5 27. Rcf3 Ne5 28. Rc3 Rfc8 29.
Qxc5 Rxc5 30. Nd4 b5 31. axb5 axb5 32. Nxb5 Nbd3 33. b4 Nxf4 34. bxc5 Ne2+ 0-1

[ePGN "0.1;DGT LiveChess/2.2.7"]

[Event "Snabbschacks-SM 2025"]
[Site "Norrköping, Sweden"]
[Date "2025.09.27"]
[Round "4.7"]
[White "Lilliehook, Victor"]
[Black "Nygren, Kim"]
[Result "1-0"]
[TimeControl "25 min + 10 sec/move"]
[BlackTitle "CM"]
[WhiteElo "2136"]
[BlackElo "2173"]

1. e4 e5 2. Nf3 Nc6 3. Bc4 Nf6 4. d4 exd4 5. e5 d5 6. Bb5 Nd7 7. O-O Ndb8 8. Nxd4 Bc5 9. Nc3 Bb6 10.
Nf3 Be6 11. Ng5 d4 12. Nxe6 fxe6 13. Ne4 Qd5 14. Qh5+ g6 15. Nf6+ Kf7 16. Nxd5 gxh5 17. Nxb6 axb6 18. f4 Nd7 19.
Rd1 Nc5 20. Bxc6 bxc6 21. Rxd4 Rhg8 22. Be3 Kg6 23. Rc4 Na6 24. Rxc6 Kf5 25. Kf2 Rg7 26. Rc3 Nb4 27. Kf3 Nd5 28.
Rd3 Ra4 29. g3 c5 30. b3 Ra6 31. Bd2 Rga7 32. c4 Ne7 33. a4 Nc6 34. Bc3 Rc7 35. h3 Ra8 36. Rd6 Rg8 37. Rg1 Nd8 38. g4+ hxg4+ 39. Rxg4 Rxg4 40. hxg4+ Kg6 41. Rxd8 1-0

[Event "Snabbschacks-SM 2025"]
[Site "Norrköping, Sweden"]
[Date "2025.09.27"]
[Round "1.6"]
[White "Religa, Marek"]
[Black "Bergdahl, Martin"]
[Result "1-0"]
[TimeControl "25 min + 10 sec/move"]
[WhiteElo "2207"]
[BlackElo "1954"]

1. f4 c6 2. Nf3 d5 3.
d3 Nf6 4. g3 g6 5. Bg2 Bg7 6. O-O O-O 7. Nc3 Nbd7 8.
e4 dxe4 9. dxe4 Qb6+ 10. Kh1 Ng4 11. Qe2 Nc5 12. h3 Bxc3 13. hxg4 Bg7 14. f5 Qa6 15. Qe3 Na4 16. c3 Rd8 17. Qf4 c5 18. e5 h5 19. Nh4 gxf5 20.
gxf5 Bd7 21. f6 Bb5 22.
Qg5 1-0

[Event "Snabbschacks-SM 2025"]
[Site "Norrköping, Sweden"]
[Date "2025.09.27"]
[Round "3.2"]
[White "Religa, Marek"]
[Black "Olsson, Simon"]
[Result "1-0"]
[TimeControl "25 min + 10 sec/move"]
[WhiteElo "2207"]
[BlackElo "2068"]

1. e4 c5 2. Nc3 e6 3. d4 cxd4 4. Qxd4 Nc6 5.
Qd3 Nf6 6. Bf4 e5 7. Bg5 Be7 8. O-O-O O-O 9. f3 a6 10. g4 b5 11. Be3 b4 12. Nd5 Nxd5 13. exd5 Nd4 14. h4 Qa5 15. h5 Qxa2 16. h6 g6 17.
Bxd4 exd4 18. Qxd4 1-0

[Event "Snabbschacks-SM 2025"]
[Site "Norrköping, Sweden"]
[Date "2025.09.27"]
[Round "4.8"]
[White "Bohman Karlholm, Adrian"]
[Black "Malmsten, Hans"]
[Result "0-1"]
[TimeControl "25 min + 10 sec/move"]
[WhiteElo "2102"]
[BlackElo "2024"]

1. d4 Nf6 2. c4 e5 3. dxe5 Ng4 4. Bf4 Bb4+ 5. Nc3 Nc6 6. Nf3 Bxc3+ 7. bxc3 Qe7 8. Qd5 f6 9. exf6 Nxf6 10.
Qd3 d6 11. g3 O-O 12. Bg2 Bg4 13. O-O Rae8 14. Rae1 Ne5 15. Nxe5 dxe5 16. Be3 Rd8 17. Qb1 b6 18. c5 Nd5 19.
Bxd5+ Rxd5 20. Qe4 Qe6 21. c4 Rd7 22. cxb6 axb6 23. f3 Bh3 24. Rf2 Bf5 25. Qh4 Ra8 26. c5 b5 27. Qb4 c6 28.
a3 Ra4 29. Qc3 Rc4 30. Qb3 Bc2 31. Qb2 Ba4 32. Kg2 Rc2 33. Qb4 Qd5 34. Rff1 h6 35. Qg4 Rc4 36. Qh5 Bb3 37. Rc1 Bc2 38.
Bxh6 gxh6 39. Rxc2 Kg7 40. Rxc4 bxc4 41. Qg4+ Kh8 42. Rb1 c3 43. Rb8+ Kh7 44. Qf5+ Kg7 45. Qf8+ Kg6 46. Qh8 Rg7 47.
Rd8 c2 48. Rxd5 cxd5 49. Qe8+ Kh7 50. Qxe5 c1=Q 51. Qf5+ Kh8 52. Qf8+ Rg8 53. Qf6+ Rg7 54. Qf8+ Rg8 55. Qf6+ Kh7 56.
Qf5+ Kg7 57. Qd7+ Kh8 58. Qxd5 Qe3 59. Kh3 Qxe2 60. Qd4+ Rg7 61. Qf6 Qf1+ 62. Kh4 Qc4+ 63. Kh3 Qxc5 64. Qd8+ Rg8 65. Qd2 Qg5 66. Qd4+ Qg7 67.
Qd2 Qf6 68. f4 Rd8 69. Qa5 Qe6+ 70. Kh4 Qe7+ 71. Kh3 Qd7+ 72. Kh4 Qe7+ 73. Kh3 Kg7 74. Qc3+ Qf6 75. Qc7+ Kh8 76. a4 Qf5+ 77.
Kh4 Rg8 78. Qc3+ Kh7 79. h3 Rc8 80. Qd4 Rc5 81. g4 Qd5 82. Qb4 Qd8+ 83. Kg3 Rd5 84. Qb1+ Rd3+ 85. Kf2 Qd4+ 86. Kg2 Qe4+ 87.
Kh2 Rd2+ 0-1

[Event "Snabbschacks-SM 2025"]
[Site "Norrköping, Sweden"]
[Date "2025.09.27"]
[Round "1.7"]
[White "Bjorkdahl, Goran"]
[Black "Grahn, Vidar"]
[Result "0-1"]
[TimeControl "25 min + 10 sec/move"]
[BlackTitle "FM"]
[WhiteElo "1805"]
[BlackElo "2236"]

1. c4 c6 2. d4 d5 3. Nc3 Nf6 4. Nf3 e6 5. e3 Nbd7 6. Bd2 Bd6 7. c5 Bc7 8. b4 a6 9. Bd3 e5 10.
dxe5 Nxe5 11. Be2 O-O 12. O-O Ne4 13. Nxe4 dxe4 14. Nd4 Qh4 15. f4 exf3 16. Bxf3 Nxf3+ 17. Nxf3 Qh5 18. Qe1 Be6 19.
Qh4 Qxh4 20. Nxh4 Be5 21. Rab1 Bxa2 22. Rbe1 Rad8 23. Rf2 Be6 24. Nf3 Bf6 25. e4 Rd3 26. e5 Be7 27. Re3 Rfd8 28. Rxd3 Rxd3 29. Ne1 Rb3 30. h3 a5 31.
Nc2 axb4 32. Bxb4 Rxb4 33. Nxb4 Bxc5 34. Nd3 Bxf2+ 35. Kxf2 Kf8 36. Ke3 Ke7 37. Kd4 Kd7 38. Nc5+ Kc7 39.
g4 b6 40. Ne4 c5+ 41. Kc3 Kc6 42. Nf2 b5 0-1

[Event "Snabbschacks-SM 2025"]
[Site "Norrköping, Sweden"]
[Date "2025.09.27"]
[Round "3.3"]
[White "Bjorklund, Thomas"]
[Black "Grahn, Vidar"]
[Result "0-1"]
[TimeControl "25 min + 10 sec/move"]
[BlackTitle "FM"]
[WhiteElo "2103"]
[BlackElo "2236"]

1. e4 c5 2. c3 Nf6 3. e5 Nd5 4. d4 cxd4 5. cxd4 d6 6. exd6 Qxd6 7. Nc3 Nc6 8. Nf3 Bg4 9. Be2 e6 10. O-O Be7 11. Re1 O-O 12. h3 Bh5 13. a3 Rfd8 14. Be3 Rac8 15. Rc1 Nxc3 16. bxc3 Qxa3 17. Ng5 Bg6 18. Bf3 Qa5 19.
Qd2 Ne5 20. Ne4 Nxf3+ 21. gxf3 a6 22.
Kg2 Qd5 23. Ng3 h5 24. Bf4 b5 25. Re5 Qc6 26. Qe3 h4 27. Ne2 Bf6 28. Rc5 Qb7 29. Rxc8 Rxc8 30. Be5 Bxe5 31. Qxe5 Bf5 32.
Nf4 Qc7 33. Qe3 b4 34. d5 e5 35.
Nd3 b3 36. c4 a5 37. c5 a4 38. d6 Qb7 39. Qxe5 Bxd3 40. c6 b2 41. d7 bxc1=Q 42. Qe8+ Rxe8 43.
dxe8=Q+ Kh7 44. cxb7 Qf1+ 45. Kh2 Qxf2+ 46. Kh1 Qxf3+ 47. Kh2 Bf1 48. b8=Q Qg2# 0-1

[Event "Snabbschacks-SM 2025"]
[Site "Norrköping, Sweden"]
[Date "2025.09.27"]
[Round "1.8"]
[White "Lindh, Fredrik"]
[Black "Norager, Mattias"]
[Result "1-0"]
[TimeControl "25 min + 10 sec/move"]
[WhiteTitle "FM"]
[WhiteElo "2249"]
[BlackElo "1802"]

1. e4 e5 2. Nf3 Nc6 3. Bb5 Nf6 4. O-O d6 5. d4 exd4 6. Nxd4 Bd7 7. Bxc6 bxc6 8. Nc3 g6 9. Bg5 h6 10.
Bh4 c5 11. Nf3 g5 12. Bg3 Nh5 13. Re1 Nxg3 14. hxg3 f6 15. e5 Kf7 16. exf6 Bc6 17. Nd5 Rb8 18. b3 Qd7 19. c4 Bxd5 20.
Qxd5+ Kxf6 21. Nd2 Bg7 22. Ne4+ Kg6 23. Nxc5 Qf5 24. Re6+ Bf6 25. Nd7 Rbf8 26. Nxf8+ Rxf8 27. Rae1 Qxd5 28. cxd5 Kf7 29. Rc1 c5 30.
Rxd6 Bd4 31. Rc2 Re8 32. Kf1 Re5 33. Re2 Rf5 34. Rd7+ Kf8 35. d6 1-0

[Event "Snabbschacks-SM 2025"]
[Site "Norrköping, Sweden"]
[Date "2025.09.27"]
[Round "3.4"]
[White "Lindh, Fredrik"]
[Black "Stenman, Christoffer"]
[Result "1/2-1/2"]
[TimeControl "25 min + 10 sec/move"]
[WhiteTitle "FM"]
[WhiteElo "2249"]
[BlackElo "2004"]

1. e4 c5 2. Nf3 Nc6 3. d4 cxd4 4. Nxd4 e5 5. Nb5 d6 6. N1c3 a6 7. Na3 Be7 8. Be3 Nf6 9. Nd5 O-O 10.
Nxf6+ Bxf6 11. Nc4 Be7 12. a4 Be6 13. Be2 Rb8 14. Bb6 Qd7 15. O-O Kh8 16. Qd2 f5 17. exf5 Bxf5 18. Rad1 Nd4 19.
Bxd4 exd4 20. Qxd4 Bxc2 21. Nb6 Qf5 22. Bd3 Bxd3 23. Qxd3 Rbd8 24. Nd5 Qxd3 25. Rxd3 Bf6 26. b3 g5 27.
g3 Kg7 28. f4 h6 29. Rfd1 gxf4 30. Nxf4 Rde8 31. Rxd6 Rf7 32. Rf1 Be5 33. Ne6+ Kg8 34. Rb6 Rfe7 35. Kg2 Rxe6 36. Rxb7 R8e7 37. Rxe7 Rxe7 38. b4 Rb7 39. Rb1 Bd6 1/2-1/2

[Event "Snabbschacks-SM 2025"]
[Site "Norrköping, Sweden"]
[Date "2025.09.27"]
[Round "4.10"]
[White "Wernberg, Hugo"]
[Black "Dolata, Henryk"]
[Result "1-0"]
[TimeControl "25 min + 10 sec/move"]
[WhiteTitle "FM"]
[WhiteElo "2285"]
[BlackElo "1943"]

1. e4 e6 2. d4 d5 3. e5 b6 4. c3 Qd7 5. Nf3 Ne7 6.
Na3 h5 7. Nc2 c5 8. b4 cxb4 9. Nxb4 a5 10. Nd3 Nbc6 11. Rb1 Qc7 12. Ba3 Nf5 13. Bxf8 Kxf8 14. Nf4 g6 15. Bd3 Nce7 16.
Qb3 Rb8 17. O-O Kg7 18. Rfc1 Rd8 19. Qc2 Bd7 20. Qd2 Rh8 21. Nh3 Qd8 22. Qg5 Nc6 23. Qf4 Qe7 24. Nhg5 Nh6 25. c4 Nb4 26.
Qd2 Nxd3 27. Qxd3 dxc4 28. Rxc4 Rhc8 29. h3 Nf5 30. d5 exd5 31. Qxd5 Rxc4 32. Qxc4 Be6 33. Nxe6+ fxe6 34. Qc6 Kf7 35.
h4 Kg8 36. Rxb6 Rxb6 37. Qxb6 a4 38.
g3 Qd7 39. Ng5 Ng7 40. Qb8+ Ne8 41. Ne4 Kf7 42. Kh2 a3 43. Ng5+ Kg7 44. Qb3 Qa7 45. Nxe6+ Kh8 46. Qf3 Qe7 47.
Ng5 Ng7 48. Qa8+ Ne8 49. Qa6 Kg7 50. Ne6+ Kh8 51. Nf4 Qc5 52. Kg2 Ng7 53. Nxg6+ Kh7 54. Nf4 Qxe5 55. Qxa3 Nf5 56. Qf3 Kh6 57.
Qxh5+ Kg7 58. Qf3 Nd4 59. Qe3 1-0

[Event "Snabbschacks-SM 2025"]
[Site "Norrköping, Sweden"]
[Date "2025.09.27"]
[Round "1.9"]
[White "Helin, Mikael"]
[Black "Bohman Karlholm, Adrian"]
[Result "0-1"]
[TimeControl "25 min + 10 sec/move"]
[WhiteTitle "CM"]
[WhiteElo "1937"]
[BlackElo "2102"]

1. c4 e6 2. Nc3 d5 3. e3 Nf6 4. b3 c5 5. Bb2 d4 6. Nce2 Nc6 7. exd4 cxd4 8. Nf3 e5 9. a3 Bg4 10. d3 Bxf3 11. gxf3 a5 12.
Bg2 Bd6 13. Rc1 Qe7 14. Ra1 Nd8 15. Ng3 g6 16. Bc1 Ne6 17. O-O h5 18. Re1 h4 19. Ne2 g5 20. Bh3 Rg8 21. Bg4 Nxg4 22. fxg4 Qf6 23. c5 Bxc5 24. f4 gxf4 25.
Nxf4 Nxf4 26. Qf3 Qe6 27. h3 Nxh3+ 28. Kf1 Rxg4 29. Qxb7 Rg1+ 30. Ke2 Qg4+ 31. Kd2 Rg2+ 0-1